 Dungeon Crawl Stone Soup version 0.31.0-11-ge490571c62 (webtiles) character file.

Game seed: 10039176737388002572

166 qw the Shooter (level 5, -5/26 HPs)
             Began as a Spriggan Hunter on Feb 4, 2024.
             Slain by a gnoll
             ... wielding a +0 whip
             ... led by a gnoll bouda
              (10 damage)
             ... on level 4 of the Dungeon.
             The game lasted 00:00:06 (1538 turns).

qw the Shooter (Spriggan Hunter)                    Turns: 1538, Time: 00:00:06

Health: -5/26      AC:  2    Str:  7    XL:     5   Next: 22%
Magic:  6/6        EV: 20    Int: 10    God:
Gold:   150        SH:  0    Dex: 21    Spells: 4/4 levels left

rFire   . . .        a - +1 shortbow (drain)
rCold   . . .        (shield currently unavailable)
rNeg    . . .        c - +0 robe
rPois   .            (helmet restricted)
rElec   .            (no cloak)
rCorr   .            (gloves unavailable)
SInv    +            (boots unavailable)
Will    .....        (no amulet)
Stlth   ++           (no ring)
HPRegen 0.24/turn    (no ring)
MPRegen 0.10/turn

%: no passive effects
@: about to teleport, very quick
A: very small, no large weapons, unfitting armour, see invisible, speed 3
a: no special abilities


You were on level 4 of the Dungeon.
You visited 1 branch of the dungeon, and saw 4 of its levels.

You collected 150 gold pieces.


Innate Abilities, Weirdness & Mutations

You are very small and have problems with some larger weapons.
You are too small for most types of armour.
You have supernaturally acute eyesight. (SInv)
You cover ground extremely quickly. (Speed+++)


   Skills:
 - Level 2.1 Fighting
 + Level 5.4 Ranged Weapons
 - Level 5.0 Dodging
 - Level 1.5 Stealth


You had 4 spell levels left.
You didn't know any spells.
Your spell library was empty.

Inventory:

Hand Weapons
 a - a +1 shortbow of draining (weapon)
Armour
 c - a +0 robe (worn)
Potions
 b - a potion of enlightenment
 d - a potion of mutation
 e - a potion of resistance
 h - 3 potions of curing
 i - a potion of haste {unknown}

Dungeon Overview and Level Annotations

Branches:
Dungeon (4/15)
 Temple: D:4-7

Altars:

Shops:
D:2 [


Message History

1527 ||| STAIRDANCE The gnoll completely misses you.
You climb upwards.
There is a stone staircase leading down here.
You shoot an arrow. The arrow hits the gnoll.
You drain the gnoll.
The gnoll is moderately wounded.
The gnoll closely misses you.
You shoot an arrow. The arrow hits the gnoll.
You drain the gnoll.
The gnoll is severely wounded.
The gnoll closely misses you.
You shoot an arrow. The arrow hits the gnoll!
You kill the gnoll!
You have reached level 5!
You feel agile.
You climb downwards.
The gnoll misses you. The gnoll barely misses you.
The gnoll bouda barely misses you. The gnoll barely misses you.
The gnoll hits you with a +0 club. The gnoll hits you with a +0 whip!
The gnoll bouda hits you but does no damage.
There is a stone staircase leading up here.
You shoot an arrow. The arrow hits the gnoll bouda!
The gnoll bouda is heavily wounded.
The gnoll hits you with a +0 whip. The gnoll misses you.
The gnoll hits you but does no damage. The gnoll bouda barely misses you.
You shoot an arrow. The arrow hits the gnoll bouda.
The gnoll bouda is severely wounded.
The gnoll misses you. The gnoll closely misses you.
The gnoll completely misses you. The gnoll bouda barely misses you.
The gnoll hits you with a +0 whip.
You shoot an arrow. The arrow hits the gnoll bouda.
You kill the gnoll bouda!
The gnoll barely misses you. The gnoll hits you with a +0 whip.
The gnoll misses you.
1537 ||| READING scroll of teleportation.
As you read the scroll of teleportation, it crumbles to dust.
You feel strangely unstable. The gnoll closely misses you.
The gnoll misses you. The gnoll hits you with a +0 whip.
You shoot an arrow. The arrow hits the gnoll!
The gnoll is severely wounded.
The gnoll completely misses you. The gnoll hits you with a +0 whip!
You die...

#### #.#
####...
#..#
.......
...#
....... ...
..... ..
#...#.###.#
#..)gg....#
#..g@(#
#...#(#
##.# #.#
..# #.# ###
##


You could see 3 gnolls.

Vanquished Creatures
  A gnoll bouda (D:4)
  4 gnolls
  5 adders
  A ribbon worm (D:2)
  An orc (D:3)
  A ball python (D:3)
  6 bats
  5 endoplasms
  3 giant cockroaches
  6 goblins
  A hobgoblin (D:3)
  5 jackals
  6 kobolds
  2 quokkas (D:1)
  3 frilled lizards (D:1)
  2 rats
52 creatures vanquished.

Notes
Turn   | Place    | Note
-------+----------+-------------------------------------------
     0 | D:1      | qw the Spriggan Hunter began the quest for the Orb.
     0 | D:1      | Reached XP level 1. HP: 10/10 MP: 2/2
     0 | D:1      | 0 ||| qw: Version: 0.3-a-160-g6735b56
     0 | D:1      | 0 ||| qw: Game counter: 6082
     0 | D:1      | 0 ||| qw: Melee chars always use a shield: true
     0 | D:1      | 0 ||| qw: God list: Okawaru
     0 | D:1      | 0 ||| qw: Allow faded altars: false
     0 | D:1      | 0 ||| qw: Do Orc after clearing Dungeon:15 true
     0 | D:1      | 0 ||| qw: Do second Lair branch before Depths: true
     0 | D:1      | 0 ||| qw: Lair rune preference: random
     0 | D:1      | 0 ||| qw: Goals: Normal
     0 | D:1      | 0 ||| PLANNING D:1-11
    59 | D:1      | Reached skill level 3 in Dodging
   161 | D:1      | Reached XP level 2. HP: 14/14 MP: 3/3
   548 | D:1      | 548 ||| READING scroll labelled YSU QAAJASTURAU.
   552 | D:1      | 552 ||| READING scroll labelled GIMUYN QIYGOA.
   553 | D:1      | 553 ||| READING scroll labelled RUDDOR LAOVIE.
   553 | D:1      | 553 ||| ENCHANTING +0 shortbow.
   554 | D:1      | 554 ||| READING scroll labelled SUSIAMYSYA.
   554 | D:1      | 554 ||| IDENTIFYING fizzy amethyst potion
   555 | D:1      | 555 ||| DROPPING scroll of butterflies.
   580 | D:2      | Reached XP level 3. HP: 18/18 MP: 4/4
   746 | D:2      | Reached XP level 4. HP: 22/22 MP: 5/5
   822 | D:2      | Found Zeamp's Armour Shoppe.
  1153 | D:2      | 1153 ||| READING scroll labelled MUDYNIAPHY.
  1153 | D:2      | 1153 ||| ENCHANTING +0 shortbow.
  1154 | D:2      | 1154 ||| READING scroll labelled INAUMINECYI.
  1154 | D:2      | 1154 ||| BRANDING +1 shortbow.
  1155 | D:2      | 1155 ||| DRINKING 3 pink potions.
  1509 | D:3      | 1509 ||| READING 2 scrolls of identify.
  1509 | D:3      | 1509 ||| IDENTIFYING blue potion
  1510 | D:3      | 1510 ||| READING scroll of identify.
  1510 | D:3      | 1510 ||| IDENTIFYING golden potion
  1523 | D:4      | 1523 ||| STAIRDANCE
  1527 | D:4      | 1527 ||| STAIRDANCE
  1532 | D:3      | Reached XP level 5. HP: 26/26 MP: 6/6
  1536 | D:4      | HP: 6/26 [gnoll/+0 whip[a gnoll bouda] (4)]
  1537 | D:4      | 1537 ||| READING scroll of teleportation.
  1538 | D:4      | Slain by a gnoll

Levels and vault maps discovered:
D:1:      ldierk_walled_garden, layout_loops_ring
D:2:      layout_loops_ring, serial_shops, shop
D:3:      layout_basic
D:4:      wad_river_or_something, layout_loops_cross,
          nicolae_uskayaw_dance_hall, nicolae_elevator_lobby_asterisk

Skill      XL: |  1  2  3  4 |
---------------+-------------+-----
Dodging        | 3 4 5 |  5.0
Ranged Weapons | 5 |  5.4
Fighting       | 2 |  2.1
Stealth        | |  1.5

Action                     |  1- 3 |  4- 6 || total
---------------------------+-------+-------++-------
   Fire: Shortbow          |    63 |    63 ||   126
    Use: Scroll            |     4 |     5 ||     9
         Potion            |       |     1 ||     1
 Armour: Robe              |     2 |    14 ||    16
  Dodge: Dodged            |    12 |    41 ||    53

Table legend:
 A = Non-vault XP
 B = Vault XP
 C = Vault XP percentage of total XP
 D = Non-vault monster count
 E = Vault monster count
 F = Vault count percentage of total count
                 A         B        C        D         E       F
            +---------+---------+-------+---------+---------+-------
      Total |     238 |       0 |   0.0 |      52 |       0 |   0.0
            +---------+---------+-------+---------+---------+-------
        D:1 |      32 |       0 |   0.0 |      18 |       0 |   0.0
        D:2 |      74 |       0 |   0.0 |      13 |       0 |   0.0
        D:3 |      93 |       0 |   0.0 |      20 |       0 |   0.0
        D:4 |      39 |       0 |   0.0 |       1 |       0 |   0.0
            +---------+---------+-------+---------+---------+-------
